 Dungeon Crawl Stone Soup version 0.31-a0-369-g8eba5f6939 (webtiles) character file.

Game seed: 18414431398837586281

416 Dordric the Cleaver (level 6, -1/41 (50) HPs)
             Began as a Hill Orc Reaver on July 28, 2023.
             Slain by a wight
             ... wielding a +3 hand axe
              (3 damage)
             ... on level 3 of the Dungeon.
             The game lasted 00:07:28 (4306 turns).

Dordric the Cleaver (Hill Orc Reaver)               Turns: 4306, Time: 00:07:28

HP:   -1/41 (50)    AC: 12    Str: 23    XL:     6   Next: 92%
MP:   6/8           EV:  6    Int: 13    God:
Gold: 193           SH:  0    Dex:  9    Spells: 5/8 levels left

rFire   . . .        z - +1 whip (freeze)
rCold   . . .        (no shield)
rNeg    . . .        y - +0 plate armour
rPois   +            v - +0 helmet
rElec   .            c - +0 cloak
rCorr   .            (no gloves)
SInv    .            (no boots)
Will    .....        (no amulet) Stlth
                     p - ring of poison resistance
HPRegen 0.26/turn    g - +6 ring of strength
MPRegen 0.11/turn

%: no passive effects
@: very slightly contaminated, heavily drained
A: no striking features
a: no special abilities


You were on level 3 of the Dungeon.
You visited 1 branch of the dungeon, and saw 4 of its levels.
You also visited: Sewer.

You collected 193 gold pieces.

Inventory:

Hand Weapons
 a - a +0 hand axe
 z - a +1 whip of freezing (weapon)
Armour
 b - a +0 leather armour
 c - a +0 cloak (worn)
 v - a +0 helmet (worn)
 x - a +0 ring mail of positive energy
 y - a +0 plate armour (worn)
Magical Staves
 n - a staff of conjuration
Jewellery
 g - a +6 ring of strength (right hand)
 p - a ring of poison resistance (left hand)
Scrolls
 d - a scroll of noise
 f - a scroll of poison
 i - 2 scrolls of teleportation
 o - a scroll of fog {unknown}
 q - a scroll of amnesia {unknown}
 r - 3 scrolls of enchant armour {unknown}
 u - a scroll of brand weapon {unknown}
 w - a scroll of revelation
 A - a scroll of enchant weapon {unknown}
 B - a scroll of identify
Potions
 e - 3 potions of might {unknown}
 h - a potion of curing {unknown}
 j - 2 potions of enlightenment
 k - a potion of degeneration {unknown}
 l - a potion of magic {unknown}
 m - a potion of lignification {unknown}
 s - a potion of invisibility {unknown}
 t - 2 potions of brilliance {unknown}


   Skills:
 - Level 2.4 Fighting
 + Level 9.9 Axes
 - Level 1.5 Dodging
 - Level 1.5 Spellcasting
 - Level 3.0 Conjurations


You had 5 spell levels left.
You knew the following spells:

 Your Spells              Type           Power      Damage    Failure   Level
a - Kiss of Death         Conj/Necr      16%        2d6       98%         1
b - Momentum Strike       Conj/Tloc      8%         3d8       99%         2

Your spell library contained the following spells:

 Spells                   Type           Power      Damage    Failure   Level
 Sting                    Tmut/Pois      4%         1d3       100%        1
 Poisonous Vapours        Pois/Air       2%         N/A       100%        2
 Hailstorm                Conj/Ice       4%         3d4       100%        3
 Mephitic Cloud           Conj/Pois/Air  3%         N/A       100%        3
 Ozocubu's Armour         Ice            1%         N/A       100%        3
 Olgreb's Toxic Radiance  Pois           1%         N/A       100%        4
 Freezing Cloud           Conj/Ice/Air   1%         6-21      100%        5
 Metabolic Englaciation   Hex/Ice        0%         N/A       100%        5
 Simulacrum               Ice/Necr       0%         N/A       100%        6


Dungeon Overview and Level Annotations

Branches:
Dungeon (4/15)              Sewer (visited)
 Temple: D:4-7

Altars:

Shops:
D:1 ?   D:2 [:   D:3 :


Message History

You hit the wight.
The wight is moderately damaged.
You closely miss the wight.
The wight is moderately damaged.
The wight hits you with a +3 hand axe!
You hit the wight but do no damage.
The wight is moderately damaged.
The wight barely misses you.
Casting: Momentum Strike (extremely dangerous; 99% risk of failure)
Confirm with . or Enter, or press ? or * to list all spells.
Okay, then.
Casting: Momentum Strike (extremely dangerous; 99% risk of failure)
Confirm with . or Enter, or press ? or * to list all spells.
The spell is extremely dangerous to miscast (99% risk of failure)!
Continue anyway?
Aiming: Momentum Strike (extremely dangerous; 99% risk of failure)
Press: ? - help, Dir - move target, f - wight
Aim: a wight, wielding a +3 hand axe and wearing a +0 robe (moderately damaged, 68% to hit)
You miscast Momentum Strike.
You are very lightly contaminated with residual magic.
Nothing appears to happen.
The wight hits you with a +3 hand axe!
* * * LOW HITPOINT WARNING * * *
You hit the wight but do no damage.
The wight is moderately damaged.
The wight hits you but does no damage.
You closely miss the wight.
The wight is moderately damaged.
The wight hits you with a +3 hand axe.
* * * LOW HITPOINT WARNING * * *
You hit the wight.
The wight is heavily damaged.
The wight hits you but does no damage.
You hit the wight.
The wight is almost destroyed.
The wight hits you with a +3 hand axe.
* * * LOW HITPOINT WARNING * * *
You feel drained.
You hit the wight.
The wight is almost destroyed.
The wight hits you with a +3 hand axe.
You die...

#.# #.####...~~~...# #..##
#.# #.# #.........# #..## #.#
#.# #.........###..# #.# #.#
####...........# #.# #†#
######.####.## #.# #.# #.#
#... #.# #.# ##### #.# ####
#.# #.###z..######.##### #.#
#....@#............# #.#
#####....#####.###.#
#.###########.#.# #.###.###
#...............# #.#......
#############...#####........
#...........#.###
#.#.#####........ #.#.#
##.##.### #.#.# #.##.# #


You could see a wight.

Vanquished Creatures
  Pargi (Sewer)
  A wight (D:3)
  A hound (D:4)
  A sleepcap (D:4)
  Natasha (thrice) (D:2)
  A gnoll (D:2)
  4 adders
  A dart slug (D:4)
  8 orcs
  9 bats
  10 endoplasms
  6 giant cockroaches
  4 goblins
  7 hobgoblins
  7 ball pythons
  9 frilled lizards
  7 kobolds
  3 rats
83 creatures vanquished.

Notes
Turn   | Place    | Note
-------+----------+-------------------------------------------
     0 | D:1      | Dordric the Hill Orc Reaver began the quest for the Orb.
     0 | D:1      | Reached XP level 1. HP: 18/18 MP: 3/3
   378 | D:1      | Reached XP level 2. HP: 24/25 MP: 4/4
   638 | D:1      | Reached skill level 5 in Axes
   698 | D:1      | Found Feillory's Magic Scroll Boutique.
   896 | D:1      | Found a faded altar of an unknown god.
   930 | D:2      | Found Qeqabiro's Armour Boutique.
  1029 | D:2      | Noticed Natasha
  1042 | D:2      | Killed Natasha
  1043 | D:2      | Reached skill level 6 in Axes
  1043 | D:2      | Reached XP level 3. HP: 4/30 MP: 5/5
  1306 | D:2      | Found Ejahuck's Book Shoppe.
  1347 | D:2      | Noticed Natasha
  1355 | D:2      | Killed Natasha
  1356 | D:2      | Reached XP level 4. HP: 31/37 MP: 6/6
  1540 | D:2      | Reached skill level 7 in Axes
  1652 | D:2      | Noticed Natasha
  1670 | D:2      | Killed Natasha
  1671 | D:2      | Reached XP level 5. HP: 11/42 MP: 5/7
  2174 | D:3      | Found a glowing drain.
  2196 | Sewer    | Entered a sewer
  2315 | Sewer    | Noticed Pargi
  2336 | Sewer    | HP: 1/42 [Pargi (2)]
  2433 | Sewer    | Learned a level 2 spell: Momentum Strike
  2459 | Sewer    | Killed Pargi
  2460 | Sewer    | Reached skill level 8 in Axes
  2460 | Sewer    | Reached XP level 6. HP: 25/50 MP: 1/8
  2843 | D:3      | Found Azaodum's Book Boutique.
  3235 | D:4      | Reached skill level 9 in Axes
  4305 | D:3      | HP: 1/42 [wight/+3 hand axe (4)]
  4306 | D:3      | Slain by a wight

Illustrated notes

Levels and vault maps discovered:
D:1:      dpeg_arrival_tiny_a, layout_loops_ring, serial_shops, shop,
          shapermc_ecumenical_altar_mp_urbaneastern, minmay_misc_feat_ornament,
          dreamdust_mushroom_princess, wander_ebering_terrifying_dragon_lair
D:2:      minmay_spotlight, layout_basic, serial_bayou, serial_bayou_lake_a,
          serial_bayou_pond_e, serial_bayou_pond_c, serial_bayou_pond_b,
          serial_shops, shop, nicolae_shop_behind_doors, uniq_natasha
D:3:      layout_loops_ring, portal_sewer_entry_a, serial_shops, shop
D:4:      layout_gridville, minivault_14

Skill      XL: |  1  2  3  4  5  6 |
---------------+-------------------+-----
Axes           | 6 7 8 9 |  9.9
Fighting       | |  2.4
Dodging        | |  1.5
Spellcasting   | |  1.5
Conjurations   | |  3.0

Action                     |  1- 3 |  4- 6 || total
---------------------------+-------+-------++-------
  Melee: Hand axe          |   111 |   170 ||   281
         Punch             |     2 |     1 ||     3
         Whip              |       |    73 ||    73
   Cast: Momentum Strike   |       |     2 ||     2
  Evoke: Wand              |       |     9 ||     9
    Use: Scroll            |       |     7 ||     7
         Potion            |       |     3 ||     3
 Armour: Leather armour    |    33 |    48 ||    81
         Plate armour      |       |    44 ||    44
         Ring mail         |       |    13 ||    13
  Dodge: Dodged            |    59 |   146 ||   205

Table legend: (Time is in decaauts)
 A = Elapsed time spent in this place.
 B = Non-inter-level travel time spent in this place.
 C = Inter-level travel time spent in this place.
 D = Time resting spent in this place.
 E = Time spent auto-exploring this place.
 F = Levels seen in this place.
 G = Mean time per level.
                   A        B        C        D        E       F      G
               +--------+--------+--------+--------+--------+-----+--------+
         Total |   4363 |   4188 |    175 |    656 |   2642 |   5 |  872.6 |
       Dungeon |   3935 |   3760 |    175 |    588 |   2440 |   4 |  983.8 |
         Sewer |    428 |    428 |      0 |     68 |    202 |   1 |  428.0 |
               +--------+--------+--------+--------+--------+-----+--------+

Top non-repeatable levels by time:
     D:2: 1236 daAuts
     D:3: 1109 daAuts
     D:1: 936 daAuts
     D:4: 653 daAuts
   Sewer: 428 daAuts
